Map: Heavy Artillery LE

Players

vovan

  • Race: Protoss Protoss
  • League: Platinum
  • Spawn Location: 7:00

Opp

  • Race: Zerg Zerg
  • League: Diamond
  • Spawn Location: 7:00

Massa

  • Race: Terran Terran
  • League: Gold
  • Spawn Location: 3:00

qqq

  • Race: Zerg Zerg
  • Spawn Location: 1:00

VOD

Have the link to the VOD?

Description

Time

  • Played on: July 11, 2020, 9:53 a.m.
  • Length: 11:50
Show
View Real Time Build Order
Export as new Build Order

vovan Protoss 

Build Orders: Chargelot Immortal 

Get SALT Encoding   

  12  0:00  Probe  
  13  0:13  Probe  
  14  0:26  Probe  
  15  0:31  Pylon  
  15  0:45  Probe  
  16  0:50  Gateway  
  16  0:54  Probe  
  16  1:01  Assimilator  
  16  1:03  Probe  
  18  1:15  Probe  
  19  1:28  Probe  
  20  1:40  Probe, Cybernetics Core  
  20  1:47  Pylon  
  21  1:52  Probe  
  22  2:01  Nexus  
  22  2:04  Probe  
  23  2:09  Adept  
  23  2:14  Gateway  
  23  2:16  Probe  
  23  2:18  Warp Gate  
  26  2:27  Assimilator  
  26  2:28  Probe  
  25  2:57  Adept  
  25  2:58  Probe  
  26  3:01  Adept  
  28  3:10  Probe  
  31  3:14  Pylon  
  31  3:18  Probe  
  32  3:22  Probe  
  33  3:27  Probe  
  33  3:30  Probe, Stalker  
  37  3:35  Probe  
  38  3:45  Probe  
  38  3:46  Probe  
  40  3:55  Robotics Facility  
  40  3:57  Probe  
  40  3:58  Probe, Twilight Council  
  40  4:01  Gateway  
  42  4:08  Gateway  
  43  4:10  Probe  
  43  4:11  Probe  
  44  4:18  Sentry x2  
  48  4:41  Adept  
  48  4:42  Adept  
  44  4:47  Probe x2  
  44  4:48  Immortal  
  46  4:54  Charge  
  46  4:59  Probe  
  52  5:00  Probe, Zealot  
  54  5:07  Pylon  
  54  5:08  Pylon  
  54  5:09  Pylon  
  54  5:18  Assimilator  
  54  5:19  Assimilator  
  54  5:29  Cybernetics Core, Sentry  
  54  5:35  Zealot x2, Sentry  
  62  5:56  Zealot x3  
  56  6:08  Zealot  
  58  6:17  Stalker  
  58  6:18  Stalker  
  56  6:22  Immortal  
  48  6:53  Zealot x2  
  48  6:54  Zealot  
  54  6:55  Immortal  
  56  7:10  Probe x2  
  56  7:15  Gateway x2  
  56  7:19  Pylon  
  56  7:22  Probe  
  57  7:25  Zealot  
  57  7:26  Zealot  
  57  7:27  Zealot  
  63  7:30  Immortal  
  67  7:47  Sentry x3  
  67  7:49  Nexus  
  73  7:54  Probe x2  
  75  8:05  Templar Archives  
  75  8:06  Probe  
  75  8:08  Forge  
  75  8:10  Forge  
  76  8:34  Pylon  
  76  8:36  Pylon  
  76  8:55  Stalker x4  
  80  8:56  Stalker  
  84  9:08  Photon Cannon  
  84  9:10  Shield Battery  
  84  9:11  Photon Cannon x2  
  84  9:13  Shield Battery  
  84  9:17  Assimilator  
  84  9:18  Assimilator  
  84  9:20  Protoss Ground Weapons Level 1, Protoss Shields Level 1  
  84  9:28  Zealot x4  
  84  9:29  Zealot  
  94  9:31  Psionic Storm  
  94  9:33  Probe  
  94  9:37  Probe x2  
  97  9:42  Probe  
  97  9:49  Probe x2  
  100  10:01  Probe x2  
  96  10:33  Zealot x3  
  96  10:34  Zealot x2  
  100  10:40  Gateway x3  
  96  11:06  Probe x3  
  99  11:14  High Templar  
  99  11:15  High Templar x4  
  109  11:35  Gateway x2  
  109  11:36  Gateway  
  109  11:37  Probe x2  
Show
View Real Time Build Order
Export as new Build Order

Opp Zerg 

Build Orders: Hatch First, Muta Ling Bane 

Get SALT Encoding   

  12  0:01  Drone  
  13  0:13  Overlord  
  13  0:23  Drone  
  14  0:33  Drone x2  
  16  0:38  Drone  
  17  0:55  Hatchery  
  16  0:58  Drone  
  16  0:59  Drone  
  18  1:04  Extractor  
  17  1:15  Spawning Pool  
  17  1:17  Drone  
  17  1:20  Drone  
  18  1:30  Drone  
  19  1:39  Drone  
  20  1:49  Overlord  
  20  2:04  Drone  
  20  2:06  Queen x2  
  20  2:07  Metabolic Boost  
  25  2:17  Drone x2  
  27  2:34  Drone, Hatchery  
  27  2:36  Drone  
  28  2:38  Drone  
  28  2:41  Drone  
  30  2:50  Queen  
  32  2:53  Drone  
  32  2:55  Drone  
  32  2:58  Drone  
  35  3:09  Pneumatized Carapace  
  35  3:19  Drone  
  36  3:20  Overlord x2  
  36  3:27  Overlord  
  36  3:50  Baneling Nest  
  36  3:53  Drone x4, Evolution Chamber  
  36  3:54  Drone x4, Evolution Chamber  
  42  3:55  Drone  
  42  3:56  Drone x4  
  42  3:57  Zergling x2  
  47  4:08  Drone x2  
  47  4:09  Drone x2  
  51  4:13  Lair  
  51  4:16  Extractor  
  50  4:18  Extractor  
  50  4:19  Drone x2  
  50  4:20  Drone  
  53  4:24  Drone x3  
  53  4:29  Drone x3  
  57  4:39  Zergling x2  
  57  4:40  Zergling x4  
  60  4:49  Queen  
  62  4:55  Zergling x6  
  65  5:01  Baneling x2  
  65  5:02  Baneling x5  
  65  5:05  Spine Crawler  
  65  5:06  Spine Crawler  
  63  5:08  Spine Crawler  
  62  5:15  Zergling x2  
  62  5:16  Zergling x4  
  62  5:20  Baneling x6  
  65  5:25  Zerg Melee Weapons Level 1  
  65  5:33  Overlord  
  65  5:34  Overlord x10  
  65  5:39  Drone  
  65  5:41  Extractor  
  65  6:06  Zergling x16  
  65  6:07  Zergling x8  
  76  6:11  Spire  
  69  6:32  Zergling x2  
  68  6:33  Zergling x18  
  73  6:44  Zergling x4  
  73  6:45  Zergling x12  
  71  7:22  Mutalisk x10  
  70  7:27  Drone  
  70  7:28  Drone x8, Extractor  
  95  7:30  Extractor  
  93  7:40  Drone x3  
  95  7:59  Zergling x2  
  95  8:00  Zergling x8  
  100  8:05  Spore Crawler  
  100  8:08  Zerg Flyer Weapons Level 1  
  99  8:13  Drone x3  
  102  8:24  Baneling x7  
  102  8:25  Baneling x14  
  102  8:41  Mutalisk x2  
  104  8:51  Zergling x2  
  104  8:52  Zergling x6  
  108  8:55  Mutalisk  
  108  8:56  Mutalisk  
  112  9:10  Centrifical Hooks  
  110  9:37  Mutalisk  
  110  9:38  Mutalisk x3  
  112  9:40  Zergling x2  
  112  9:41  Zergling x22  
  129  9:54  Hatchery  
  129  9:56  Zergling x2  
  129  9:57  Zergling x12  
  116  10:08  Zergling x6  
  119  10:14  Mutalisk x2  
  119  10:19  Infestation Pit  
  122  10:48  Mutalisk  
  122  10:49  Mutalisk x4  
  130  10:53  Zergling x22  
  141  11:12  Drone x3  
Show
View Real Time Build Order
Export as new Build Order

Massa Terran 

Build Orders:  

Get SALT Encoding   

  12  0:03  SCV  
  13  0:18  SCV  
  13  0:19  Supply Depot  
  14  0:30  SCV  
  15  0:42  SCV  
  16  0:44  Barracks  
  16  0:48  Refinery  
  16  0:55  SCV  
  17  1:07  SCV  
  18  1:19  SCV  
  19  1:31  SCV  
  20  1:34  Reaper  
  21  1:43  Command Center  
  21  1:46  Orbital Command  
  21  2:10  Supply Depot  
  21  2:12  Reaper  
  22  2:44  Marine  
  23  3:02  Marine  
  23  3:20  Marine  
  23  3:21  Barracks  
  23  3:22  SCV x2  
  23  3:23  Barracks  
  26  3:34  SCV x2  
  26  3:38  Barracks, Marine  
  29  3:42  Factory  
  29  3:47  Supply Depot  
  29  3:55  Marine  
  29  3:58  Orbital Command  
  29  3:59  SCV  
  31  4:09  Supply Depot  
  31  4:11  SCV  
  31  4:13  Marine  
  33  4:20  Marine x2  
  33  4:23  SCV  
  36  4:25  Factory Tech Lab  
  36  4:31  Marine  
  36  4:32  SCV, Supply Depot  
  36  4:35  SCV  
  36  4:38  Marine x2  
  41  4:42  Marine, Engineering Bay  
  41  4:44  SCV  
  43  4:49  Marine  
  43  4:52  Siege Tank  
  47  4:55  Marine  
  47  4:56  Marine  
  49  5:00  Marine  
  49  5:07  Marine  
  50  5:13  Marine x2  
  53  5:18  Marine  
  53  5:20  SCV  
  53  5:21  SCV  
  56  5:24  Marine, Siege Tank  
  60  5:31  Marine x2  
  60  5:33  SCV  
  61  6:16  Marine  
  61  6:17  Marine x3  
  65  6:19  Siege Tank  
  64  6:34  Marine x2  
  64  6:35  Marine x2  
  58  6:51  Siege Tank  
  58  6:52  Marine x4  
  51  7:10  Marine x4  
  51  7:27  Marine  
  51  7:28  Marine x3  
  54  7:45  Marine  
  54  7:46  Marine x3  
  54  7:50  Terran Infantry Armor Level 1  
  58  7:58  Siege Tank  
  58  8:03  Marine  
  58  8:04  Marine x3  
  65  8:17  Command Center  
  65  8:21  Command Center  
  64  8:29  Missile Turret  
  64  8:31  Widow Mine  
  57  8:44  SCV  
  57  8:52  Widow Mine  
  59  8:56  SCV x2  
  61  9:04  Missile Turret  
  61  9:08  SCV  
  61  9:09  SCV  
  63  9:14  Widow Mine  
  65  9:20  SCV  
  65  9:21  SCV  
  67  9:27  Missile Turret  
  61  9:33  SCV  
  61  9:35  Widow Mine  
  61  9:46  SCV  
  61  9:47  SCV, Missile Turret  
  62  9:59  SCV x2  
  64  10:04  Command Center  
  63  10:08  SCV  
  63  10:11  SCV x2  
  66  10:20  SCV  
  67  10:22  Marine  
  67  10:23  SCV x2, Marine x3  
  65  10:32  SCV  
  65  10:34  Missile Turret  
  65  10:35  SCV  
  66  10:37  Missile Turret  
  66  10:40  Marine x4  
  69  10:48  Missile Turret  
  68  10:51  Missile Turret  
  68  10:58  Marine x4  
  71  11:06  Engineering Bay  
  71  11:08  SCV  
  72  11:12  Orbital Command  
  72  11:16  Marine x4  
  65  11:20  SCV  
  57  11:33  SCV  
  57  11:35  Missile Turret  
  52  11:50  Missile Turret  
Show
View Real Time Build Order
Export as new Build Order

qqq Zerg 

Build Orders: Hatch First 

Get SALT Encoding   

  12  0:01  Drone  
  13  0:32  Hatchery  
  12  0:37  Drone  
  12  0:40  Drone  
  14  0:47  Overlord  
  14  1:07  Spawning Pool  
  13  1:15  Extractor, Drone x2  
  14  1:20  Drone  
  15  1:38  Drone  
  16  1:41  Drone  
  16  1:45  Drone  
  18  1:49  Drone  
  19  1:55  Queen  
  19  2:00  Zergling x2  
  22  2:03  Drone  
  22  2:06  Drone  
  24  2:11  Overlord  
  24  2:18  Drone  
  25  2:27  Metabolic Boost  
  25  2:40  Drone  
  25  2:41  Drone  
  27  2:48  Zergling x6  
  30  2:55  Baneling Nest  
  29  2:59  Drone  
  29  3:01  Queen  
  29  3:03  Overlord  
  32  3:07  Drone  
  32  3:11  Zergling x2  
  34  3:17  Drone, Zergling x2  
  36  3:20  Overlord  
  36  3:26  Drone  
  38  3:27  Drone  
  38  3:31  Zergling x2  
  38  3:33  Zergling x2  
  40  3:34  Zergling x2  
  40  3:40  Baneling x3  
  40  3:41  Baneling  
  41  3:44  Zergling x2  
  41  3:46  Zergling x2  
  41  3:48  Zergling x6  
  46  3:57  Zergling x2  
  47  4:05  Hatchery  
  47  4:08  Zergling x2  
  47  4:09  Zergling x2  
  48  4:16  Zergling x2  
  49  4:17  Zergling x2  
  49  4:21  Zergling x2  
  48  4:47  Zergling x8  
  48  4:49  Overlord x5  
  52  5:00  Lair  
  52  5:03  Overlord  
  51  5:33  Zergling x6  
  51  5:34  Zergling x6  
  57  5:39  Roach Warren  
  56  5:44  Drone x2  
  56  5:45  Drone x2  
  58  6:00  Zergling x4  
  58  6:01  Drone x2  
  58  6:02  Drone, Zergling x2  
  58  6:03  Zergling x4  
  57  6:13  Zergling x8  
  57  6:14  Drone, Zergling x4  
  57  6:15  Zergling x2  
  53  6:34  Zergling x4  
  53  6:35  Zergling x6  
  55  6:40  Drone, Zergling x2  
  57  6:49  Zergling x4  
  57  6:50  Drone  
  60  6:56  Roach  
  60  6:58  Roach  
  56  7:25  Hatchery  
  51  7:30  Zergling x16  
  51  7:31  Drone  
  51  7:32  Drone x2  
  62  7:37  Hatchery  
  62  7:43  Spine Crawler  
  55  7:45  Zergling x2, Roach x2  
  55  7:46  Roach  
  55  7:47  Spine Crawler x2  
  55  7:50  Glial Reconstitution  
  60  7:53  Pneumatized Carapace  
  60  7:59  Roach x2  
  60  8:00  Drone  
  63  8:23  Spore Crawler  
  63  8:24  Spore Crawler x2  
  63  8:26  Spore Crawler  
  59  8:28  Spire  
  59  8:30  Spore Crawler x2  
  59  8:31  Spore Crawler  
  59  8:33  Spore Crawler x2  
  53  8:34  Drone x3  
  53  8:35  Spore Crawler  
  55  8:51  Drone x4, Hydralisk Den  
  55  8:52  Drone x2  
  55  8:53  Roach x5  
  55  8:55  Drone x4  
  74  9:04  Extractor  
  74  9:07  Drone x4  
  77  9:15  Spore Crawler  
  76  9:18  Spore Crawler  
  76  9:19  Spore Crawler x2  
  76  9:20  Drone  
  76  9:21  Drone x3  
  73  9:41  Drone x5  
  73  9:43  Hydralisk x3  
  83  9:50  Extractor  
  83  9:51  Drone x2  
  84  9:57  Drone x2, Spore Crawler  
  65  10:09  Hydralisk, Roach x2  
  65  10:10  Zergling x2  
  65  10:11  Zergling x2  
  65  10:12  Drone x2  
  65  10:13  Drone x2  
  72  10:27  Roach  
  72  10:28  Roach x3  
  76  10:29  Drone x3  
  66  10:41  Drone  
  66  10:42  Drone  
  59  10:46  Zergling x4  
  59  10:47  Zergling x6  
  59  10:48  Drone  
  62  10:54  Spine Crawler  
  59  11:01  Hydralisk  
  59  11:02  Hydralisk  
Tags
 
Add a new tag
Caveats
  • Supply blocks, unpowered buildings, or Contaminate may cause inaccurate times.
  • Supply counts are checked every 10 seconds.